Unix NetHack Version 5.0.0-0 post-release - last build May 10 2026 23:12:36 (d1fa5d53e341ca933230fdaa984d921c805b60aa,branch:main).

Game began 2026-05-12 18:38:19, ended 2026-05-12 18:55:53.

Ackbladder, lawful male dwarven Archeologist

                       ---------------
                       -..............
                       |.....q@......|
                       |...%%.%.......#
                       |.............|#
                       |.............|#
                       ---------------#
                                      ###
                                        ###
                                          #
                                          #-----
                                          #|...|
                                          #|.{.|
                                          #....|
                                           |.<.|
                                           -----

Ackbladder the Investigator  St:11 Dx:10 Co:17 In:16 Wi:16 Ch:11  Lawful
Dlvl:8  $:23 HP:0(55) Pw:21(21) AC:9  Xp:6 T:2869  Burdened

Latest messages:
 The jaguar hits again!
 The jaguar bites!
 The jaguar hits!
 The jaguar hits again!
 The jaguar bites!
 You lash the jaguar.
 The jaguar hits!
 The jaguar hits again!
 The jaguar bites!
 The jaguar hits!
 The jaguar hits again!
 The jaguar bites!
 You kill the jaguar!
 There is a doorway here.
 You see here a jaguar corpse.
 There is a jaguar corpse here; eat it? [ynq] (n) y
 This jaguar corpse is gamey.
 You finish eating the jaguar corpse.
 What do you want to zap? [AG or ?*] A
 In what direction? 4
 You kill the rothe!
 You kill the rothe!
 There is a rothe corpse here; eat it? [ynq] (n) y
 This rothe corpse is stringy.
 You stop eating the rothe corpse.
 You have a little trouble lifting k - a scroll of identify (3 in total).
 There is a partly eaten rothe corpse here; eat it? [ynq] (n) y
 You resume your meal.
 You stop eating the rothe corpse.
 The gecko bites!
 The gecko bites!
 You lash the gecko.
 You kill the gecko!
 You miss the rothe.
 The rothe hits!
 The rothe bites!
 The rothe bites again!
 The rothe hits!
 The rothe bites!
 The rothe bites again!
 You lash the rothe.
 The rothe hits!
 The rothe bites!
 The rothe bites again!
 The rothe hits!
 The rothe bites!
 The rothe bites again!
 You die...
 Do you want your possessions identified? [ynq] (y) y
 Do you want to see your attributes? [ynq] (y) q

Inventory:
 Coins    ('$')
  $ - 23 gold pieces
 Amulets  ('"')
  w - a cursed amulet of strangulation
 Weapons  (')')
  p - 6 +0 darts (at the ready)
  z - a +0 dagger
  a - a +2 bullwhip (weapon in right hand)
 Armor    ('[')
  c - a blessed +0 fedora (being worn)
  H - an uncursed +0 pair of leather gloves
  J - an uncursed +0 pair of low boots
  I - an uncursed very rotted +0 cloak of displacement
  b - an uncursed +0 leather jacket (being worn)
 Comestibles  ('%')
  d - 4 uncursed food rations
  o - an uncursed tripe ration
  y - an uncursed lichen corpse
 Scrolls  ('?')
  x - an uncursed scroll of amnesia
  E - an uncursed scroll of enchant weapon
  C - a cursed scroll of enchant weapon
  i - an uncursed scroll of food detection
  k - 3 uncursed scrolls of identify
  n - 2 uncursed scrolls of light
  K - an uncursed scroll of scare monster
  F - an uncursed scroll of teleportation
  j - a cursed scroll of teleportation
 Spellbooks  ('+')
  l - an uncursed spellbook of healing
 Potions  ('!')
  B - an uncursed potion of blindness
  v - a blessed potion of extra healing
  L - 2 blessed potions of healing
  t - 2 uncursed potions of healing
  u - an uncursed potion of speed
  m - an uncursed potion of water
 Rings    ('=')
  r - an uncursed ring of regeneration
 Wands    ('/')
  A - a wand of fire (0:5)
  G - a wand of striking (0:5)
 Tools    ('(')
  h - an empty uncursed sack
  M - a blessed oil lamp
  e - a +0 pick-axe
  f - a tinning kit (0:67)
 Gems/Stones  ('*')
  s - an uncursed worthless piece of violet glass
  g - an uncursed touchstone

Ackbladder the Archeologist's attributes:

Background:
 You were an Investigator, a level 6 male dwarven Archeologist.
 You were lawful, on a mission for Quetzalcoatl
 who was opposed by Camaxtli (neutral) and Huhetotl (chaotic).
 You were right-handed.
 You were in the Dungeons of Doom, on level 8.
 You entered the dungeon 2869 turns ago.
 You had 370 experience points, 270 more were needed to attain level 7.

Basics:
 You had 0 out of 55 hit points.
 You had all 21 energy points (spell power).
 Your armor class was 9.
 Your wallet contained 23 zorkmids.
 Autopickup was off.

Final Characteristics:
 Your strength was 11 (limit:18/100).
 Your dexterity was 10 (limit:20).
 Your constitution was 17 (limit:20).
 Your intelligence was 16 (limit:16).
 Your wisdom was 16 (limit:16).
 Your charisma was 11 (limit:16).

Final Status:
 You weren't hungry.
 You were burdened; movement was slightly slowed.
 You were wielding a whip.
 You were skilled in whip.

Final Attributes:
 You were piously aligned.
 You were telepathic.
 You had automatic searching.
 You had infravision.
 You were stealthy.
 You were lucky.
 You are dead.

Miscellaneous:
 You didn't encounter any bones levels.
 Total elapsed playing time was 17 minutes and 33 seconds.

Major events:
 Turn
    1: Ackbladder the lawful male dwarven Archeologist entered the dungeon
  600: attained the rank of Field Worker (level 3)
 2739: attained the rank of Investigator (level 6)
 2869: killed by a rothe

You didn't know any spells.

Skills:
 Fighting Skills
   bare handed combat [Unskilled]
   two weapon combat  [Unskilled]
   riding             [Unskilled]
 Weapon Skills
   dagger             [Unskilled]
   knife              [Unskilled]
   pick-axe           [Basic]
   short sword        [Unskilled]
   saber              [Unskilled]
   club               [Unskilled]
   quarterstaff       [Unskilled]
   sling              [Unskilled]
   dart               [Unskilled]
   boomerang          [Unskilled]
   whip               [Skilled]
   unicorn horn       [Unskilled]
 Spellcasting Skills
   attack spells      [Unskilled]
   healing spells     [Unskilled]
   divination spells  [Unskilled]
   matter spells      [Unskilled]

Voluntary challenges:
 Character rerolling was not enabled.
 You never genocided any monsters.
 You never polymorphed an object.
 You never changed form.
 You used no wishes.
Achievements:
 You entered a shop.
 You attained the rank of Field Worker.
 You attained the rank of Investigator.

 The Dungeons of Doom: levels 1 to 8
    Level 1:
       A fountain, a sink.
    Level 2:
       A general store.
    Level 3:
       A fountain, a grave.
    Level 4:
       A fountain.
    Level 5:
       A fountain.
    Level 6:
       An armor shop, a sink, a grave.
    Level 7:
       A potion shop, a fountain, a grave.
    Level 8: <- You were here.
       A fountain.
       Final resting place for
          you, killed by a rothe.


Vanquished creatures:
  a large mimic
  a small mimic
  a dingo
  a jaguar
  a dust vortex
  a rock piercer
  a ghoul
  a floating eye
  a kitten
  a homunculus
  2 rothes
  a monkey
  a werejackal
 an acid blob
  2 coyotes
  a hobbit
  2 hobgoblins
  2 giant rats
  a brown mold
  2 geckos
  6 jackals
  a fox
  2 kobolds
  4 goblins
  2 sewer rats
  7 grid bugs
  3 lichens
  3 kobold zombies
  4 newts
57 creatures vanquished.

No species were genocided or became extinct.

Game over:
                       ----------
                      /          \
                     /    REST    \
                    /      IN      \
                   /     PEACE      \
                  /                  \
                  |    Ackbladder    |
                  |      23 Au       |
                  |   killed by a    |
                  |      rothe       |
                  |                  |
                  |                  |
                  |       2026       |
                 *|     *  *  *      | *
        _________)/\\_//(\/(/\)/\//\/|_)_______

Goodbye Ackbladder the Archeologist...

You died in The Dungeons of Doom on dungeon level 8 with 1861 points,
and 23 pieces of gold, after 2869 moves.
You were level 6 with a maximum of 55 hit points when you died.

